[Event "Silver Lake Festival 2022"]
[Site "Veliko Gradiste"]
[Date "2022.06.21"]
[Round "4.10"]
[White "Tadic, Stefan"]
[Black "Phatak Aanjaneya"]
[Result "1-0"]
[ECO "C65"]
[WhiteElo "2358"]
[BlackElo "2145"]
[Annotator "TA"]
[PlyCount "61"]
[EventDate "2022.06.16"]
[EventType "swiss"]
[EventCountry "SRB"]
[SourceTitle "playchess.com"]
[Source "ChessBase"]
[SourceQuality "1"]
[TimeControl "5400+30"]

1. e4 e5 2. Nf3 Nc6 3. Bb5 Nf6 4. d3 Bc5 5. O-O Nd4 6. Nxd4 Bxd4 7. c3 {[%emt 0:00:16] C65: Ruy Lopez: Berlin Defence (3...Nf6), unusual lines and 4 0-0 Bc5.} Bb6 8. d4 {[%emt 0:04:45] Recently 8.Ba4 got a lot of attention.} c6 (8... O-O $11) 9. dxe5 $14 {[%emt 0:01:39] White is slightly better.} cxb5 10. exf6 Qxf6 {[%emt 0:00:06] [#]} 11. Qh5 $146 (11. Na3 $16) ({Predecessor:} 11. Qd3 a6 12. Be3 Bc7 13. Nd2 O-O 14. f4 d5 15. exd5 Bf5 16. Qd4 Qxd4 17. Bxd4 {1-0 (66) Bachmann,A (2599)-Donchenko,A (2658) Chess.com INT 2020}) 11... Qc6 (11... a6 $11) 12. Qe5+ $16 Kf8 13. Bf4 f6 14. Qh5 d6 15. Na3 a6 16. Rad1 Bc7 (16... Qxe4 $2 17. Rde1 $1 Bxf2+ 18. Kxf2 Qxf4+ 19. Kg1 $18) 17. Rd4 {[%emt 0:16:50] White is much more active. The black rooks are badly placed.} Be6 18. Rfd1 $36 {[%emt 0:01:03][%mdl 2048] White is really pushing.} Bxa2 19. Bxd6+ Bxd6 20. Rxd6 Qxe4 21. Qc5 (21. Rd8+ Rxd8 22. Rxd8+ Ke7 $17) ({White should play} 21. R6d4 $1 $16 Qc6 22. Rd8+ Ke7 23. R8d2 (23. Qe2+ Be6 $11)) 21... Kf7 $2 {[%emt 0:06:43][%mdl 8192] [#]} (21... Kg8 $1 $14) 22. f3 $2 (22. Qc7+ $1 $18 {and the rest is easy.} Kg6 23. R6d3 (23. Rd7 Kh6 $16)) 22... Qe5 (22... Rhc8 $2 23. Rd7+ (23. fxe4 Rxc5 24. Rd7+ Kf8 $11) 23... Kg6 24. Qf2 $16 (24. fxe4 Rxc5 25. Rxb7 Re5 $11)) (22... Qf4 $16) 23. Rd7+ $18 Kg6 (23... Kg8 $142 24. Qxe5 fxe5) 24. Qxe5 fxe5 25. R1d6+ (25. Rxb7 Rhf8 $14) 25... Kf5 {[%emt 0:00:13] [#]} 26. Nc2 $1 {[%emt 0:06:58] Threatening mate with Ne3+.} ({Not} 26. Rxb7 Rhd8 27. Rdb6 (27. Rxd8 Rxd8 28. Rxg7 Kf4 $14) 27... Kf4 $14) (26. Rxg7 Rad8 27. Rgd7 Rxd7 28. Rxd7 h5 $14) 26... g6 $2 (26... Bb3 {leads to mate.} 27. Ne3+ Kf4 28. Kf2 Rhf8 29. g3+ Kg5 30. Rxg7+ Kh5 31. Rxh7+ Kg5 32. h4#) (26... Rhg8 $18 27. h4 (27. Rxb7 Rgd8 $14) 27... g5 28. Rxh7 gxh4 29. Rh5+ Kf4 30. Rf6+ Kg3) 27. h4 {[%emt 0:01:31] White mates.} Kf4 28. Kf2 e4 29. g3+ Ke5 30. f4+ Kf5 31. Ne3# {[%emt 0:00:02] Weighted Error Value: White=0.20 (precise) /Black=0.55} 1-0

[Event "Silver Lake Festival 2022"]
[Site "Veliko Gradiste"]
[Date "2022.06.21"]
[Round "4.11"]
[White "Srdanovic, Jovana"]
[Black "Martic, Ivan"]
[Result "1-0"]
[ECO "E94"]
[WhiteElo "2127"]
[BlackElo "2314"]
[Annotator "TA"]
[PlyCount "63"]
[EventDate "2022.06.16"]
[EventType "swiss"]
[EventCountry "SRB"]
[SourceTitle "playchess.com"]
[Source "ChessBase"]
[SourceQuality "1"]
[TimeControl "5400+30"]

1. d4 d6 2. c4 Nd7 3. Nc3 e5 4. Nf3 Ngf6 5. e4 g6 6. Be2 Bg7 7. O-O O-O 8. Be3 {[%emt 0:00:30] 8.Be3 scores better than 8.Re1.} Re8 9. d5 Nh5 10. g3 {[%emt 0:00:30] E94: King's Indian: Classical: 6 Be2 e5 7 0-0: Various Black 7th moves.} Bf8 11. b4 {[%emt 0:00:30] White is more active.} Be7 {[%emt 0:00:30] [#]} 12. Qd2 $146 {[%emt 0:00:30] White is slightly better.} ({Predecessor:} 12. Nd2 Ng7 13. Rc1 f5 14. f3 Rf8 15. Bf2 h5 16. Kh1 Bg5 17. Rc2 Nf6 18. Qe1 {1-0 (66) Erdos,V (2582)-Dembo,Y (2456) Budva 2009}) 12... Ng7 13. Bh6 Nf6 14. Ng5 Ng4 15. Bxg4 Bxg4 16. f3 Bd7 17. f4 {[%emt 0:00:30] [#] And now fxe5 would win.} f6 18. Nf3 Bh3 19. Rf2 a5 20. b5 Qd7 21. c5 exf4 22. c6 $36 {[%emt 0:00:30][%mdl 2048] White has strong initiative.} Qg4 23. Qxf4 ({Much worse is} 23. cxb7 $6 fxg3 24. hxg3 Rab8 $14) (23. Bxf4 $16 b6 24. a4) 23... Qh5 $2 {[%emt 0:00:30] [#] This costs Black the game.} (23... Qxf4 $14 24. Bxf4 (24. gxf4 f5 $14) 24... b6) 24. Bxg7 Kxg7 25. cxb7 Rab8 26. Ne2 Rxb7 27. Qc1 {[%emt 0:00:30] Black must now prevent Qc6.} Rxb5 $2 (27... g5) 28. Nf4 $18 Qg4 29. Nd4 Rb4 30. Nfe6+ {[%emt 0:00:30] Pair of Knights! White is clearly winning.} Kh8 31. Rf4 Qh5 32. Rh4 {[%emt 0:00:30] Weighted Error Value: White=0.11 (very precise) /Black=0.45} 1-0

[Event "Silver Lake Festival 2022"]
[Site "Veliko Gradiste"]
[Date "2022.06.21"]
[Round "4.12"]
[White "Furman, Boris"]
[Black "Govedarica, Radovan"]
[Result "0-1"]
[ECO "D36"]
[WhiteElo "2121"]
[BlackElo "2289"]
[Annotator "TA"]
[PlyCount "80"]
[EventDate "2022.06.16"]
[EventType "swiss"]
[EventCountry "SRB"]
[SourceTitle "playchess.com"]
[Source "ChessBase"]
[SourceQuality "1"]
[TimeControl "5400+30"]

1. d4 Nf6 2. c4 e6 3. Nc3 d5 4. cxd5 exd5 5. Bg5 c6 6. e3 h6 7. Bh4 Be7 8. Bd3 O-O 9. Qc2 {[%emt 0:00:00] 9.Nge2 is the modern continuation.} Nh5 {[%emt 0:00:35] D36: Queen's Gambit Declined: Exchange Variation: Main line (5 Bg5 c6 6 Qc2).} 10. Bxe7 Qxe7 11. Nge2 Re8 {[%emt 0:01:44] The position is equal.} 12. O-O Bg4 13. h3 Bxe2 {[%emt 0:00:02] [#]} 14. Qxe2 $146 ({Predecessor:} 14. Nxe2 Nf6 15. Rfc1 a6 16. Qb3 g6 17. Nf4 Kg7 18. Rc3 Rc8 19. Qc2 Nbd7 20. Bxg6 fxg6 21. Qxg6+ {½-½ (35) Bester,A (1946)-Santoso,L (2275) ICCF email 2020}) 14... Nf6 15. Rab1 a5 16. a3 Nbd7 17. Rfe1 Qd6 18. f3 b5 19. Qf2 b4 20. axb4 axb4 21. Ne2 c5 22. dxc5 Nxc5 23. Bb5 Reb8 24. Nd4 Ne6 25. Bf1 (25. Nf5 $14 Qd8 26. Bd3) 25... Nxd4 $11 26. exd4 b3 27. Rbc1 Ra4 28. Qd2 Kh7 29. Rc3 g6 30. Qd3 Qb6 31. Re7 Ra7 32. Rxb3 Rxe7 $17 33. Rxb6 Rxb6 34. Qd2 {[%emt 0:00:00] [#] This costs White the game.} (34. Qa3 $17 Reb7 35. Qf8) 34... Reb7 $1 $19 35. Qf4 Kg7 36. h4 Rxb2 {[%emt 0:00:00] Strongly threatening ...Rb1.} 37. g4 Re7 {[%emt 0:00:00] Against Qe5. Threatens to win with ...Re1.} 38. g5 $2 {[%emt 0:00:00] [#]} (38. Qc1 Rb3 39. Kf2) 38... hxg5 {[%emt 0:00:00] Active counter play! Black is clearly winning.} 39. Qxg5 (39. hxg5 $142 Nh5 40. Qc1) 39... Re1 40. h5 Nxh5 {[%emt 0:00:00] Weighted Error Value: White=0.46/Black=0.04 (flawless)} 0-1

[Event "Silver Lake Festival 2022"]
[Site "Veliko Gradiste"]
[Date "2022.06.22"]
[Round "5.1"]
[White "Strikovic, Aleksa"]
[Black "Stremavicius, Titas"]
[Result "0-1"]
[ECO "D32"]
[WhiteElo "2502"]
[BlackElo "2508"]
[Annotator "TA"]
[PlyCount "66"]
[EventDate "2022.06.16"]
[EventType "swiss"]
[EventCountry "SRB"]
[SourceTitle "playchess.com"]
[Source "ChessBase"]
[SourceQuality "1"]
[TimeControl "5400+30"]

1. c4 e6 2. Nf3 d5 3. e3 Nf6 4. Nc3 Be7 5. b3 O-O 6. Bb2 c5 7. cxd5 exd5 8. d4 Nc6 9. Be2 Ne4 10. O-O Bf6 11. Na4 {[%emt 0:04:06] D32: Tarrasch Defence: Sidelines and lines without g3.} Bg4 12. Rc1 cxd4 $1 13. Nxd4 {[%emt 0:01:20] The position is equal.} Bxd4 14. Bxg4 Bxb2 15. Nxb2 Qa5 16. Na4 Rad8 {[%emt 0:00:17] [#]} 17. Qc2 $146 ({Predecessor:} 17. Bf3 Nd2 18. Re1 Ne5 19. Be2 b6 20. a3 b5 21. Nc5 Ne4 22. Nb7 Qxa3 23. Nxd8 Rxd8 {1-0 (38) Obolenskikh,D (2544)-Grachev,B (2612) Chess.com INT 2020}) 17... f5 18. Be2 d4 19. Rfd1 dxe3 20. fxe3 Nb4 {[%emt 0:01:45] Pair of Knights!} 21. Qc4+ Kh8 22. Rxd8 Rxd8 23. Qc7 $1 Qd5 24. Nc3 Nxc3 25. Rxc3 Qd2 {[%emt 0:00:17] ...Nc6 is the strong threat.} 26. Kf2 {[%emt 0:02:30] [#]} (26. Kf1 $1 $11) 26... Nc6 {[%emt 0:14:07] Black is more active.} (26... Nxa2 $2 27. Rc2 Qd5 28. Rxa2 $18) ({Black should try} 26... Nd3+ $1 $17 27. Kf3 Ne1+ 28. Kf2 f4) 27. Rc5 $1 $11 Re8 28. Qf4 g6 29. a3 {[%emt 0:00:37] [#]} (29. g4 $11 {keeps the balance.}) 29... Kg7 $1 $36 {[%emt 0:03:13][%mdl 2048] Threatens to win with ...Re4. Keeping White busy.} 30. b4 $2 (30. Rc4 $17 {is a better defense.}) 30... Re4 $19 {[%emt 0:00:17] The board is on fire.} 31. Qf3 Ne5 $2 (31... Kf6 $19 {has better winning chances. White must now prevent ...Ne5.} 32. Qg3 Ne5 33. Rxe5 Rxe5 34. Qh4+ Kg7) 32. Rc7+ $2 (32. Qxe4 $17 fxe4 33. Rxe5) 32... Kf6 33. Qg3 Rg4 {[%emt 0:01:11] Weighted Error Value: White=0.71/Black=0.15 (very precise)} (33... Ng4+ $142 34. Kg1 Rxe3) 0-1

[Event "Silver Lake Festival 2022"]
[Site "Veliko Gradiste"]
[Date "2022.06.22"]
[Round "5.2"]
[White "Sadikhov, Ulvi"]
[Black "Zanan, Evgeny"]
[Result "1-0"]
[ECO "A29"]
[WhiteElo "2491"]
[BlackElo "2534"]
[Annotator "TA"]
[PlyCount "93"]
[EventDate "2022.06.16"]
[EventType "swiss"]
[EventCountry "SRB"]
[SourceTitle "playchess.com"]
[Source "ChessBase"]
[SourceQuality "1"]
[TimeControl "5400+30"]

1. c4 e5 2. Nc3 Nf6 3. Nf3 Nc6 4. g3 d5 5. cxd5 Nxd5 6. Bg2 Nb6 7. O-O Be7 8. b3 O-O 9. Bb2 Re8 10. Rc1 Bf8 11. Ne4 $1 {[%emt 0:00:14][%cal Oc1c6][%mdl 4] outshines the older 11.d3. A29: English Opening: Four Knights Variation with 4 g3.} f5 12. Nc3 e4 13. Ne1 {[%emt 0:00:06] [#] The position is equal.} Ne5 $146 ({Predecessor:} 13... Nb4 14. a3 Nc6 15. d3 Be6 16. b4 exd3 17. Nxd3 Nd4 18. Nf4 Bb3 19. Qd3 Nxe2+ 20. Ncxe2 Qxd3 21. Nxd3 Rxe2 22. Bxb7 {1-0 (68) Van Leent,D (1641)-Pech,J (1827) LSS email 2017}) 14. f3 exf3 15. Nxf3 Nxf3+ 16. Rxf3 c6 17. Qc2 Nd5 (17... g6 $11) 18. Nxd5 $16 Qxd5 19. g4 Qe4 (19... Rxe2 $2 20. Rf2 Re4 21. h3 $18 (21. Bxe4 fxe4 22. Qc3 Qg5 $16)) 20. Qc3 (20. Qxe4 $6 fxe4 21. Rf4 Bd6 22. Rxe4 Rxe4 23. Bxe4 Bxg4 $11) 20... f4 {[%emt 0:08:10] Inhibits Re3.} 21. Rcf1 $1 $36 {[%emt 0:14:08][%mdl 2048] White is on the roll.} Bxg4 {[%emt 0:18:41] [#]} 22. Rg3 Qf5 $14 {[%emt 0:00:08] White must now prevent ...Qc5+.} (22... Qxe2 $2 23. Rxf4 Qe7 24. Rfxg4 $18) 23. Qc4+ Kh8 (23... Re6 $1 $14 24. Rxf4 Qb1+ 25. Rf1 Qxb2) 24. Rxf4 $2 (24. Qxf4 $18 Qxf4 25. Rxf4) 24... Qb1+ $11 25. Bc1 {[%emt 0:00:43] Dancing on a razor blade.} b5 $2 {[%emt 0:02:35] Black is on the road to losing.} (25... Bxe2 26. Qc3 Re7 27. Be4 Qxe4 28. Rxe4 Rxe4 29. Ba3 $1 $16) (25... Bh5 $1 $11 {and Black stays safe.} 26. Qc3 Bg6) 26. Qc3 $18 (26. Qxc6 $2 Rac8 27. Re3 Red8 $1 $19) 26... b4 $2 (26... h5) 27. Qb2 Bf5 28. Qxb1 (28. Bxc6 Rac8 29. Qxb1 Bxb1 30. Bxe8 Rxc1+ 31. Rf1 Bc5+ 32. e3 Rxf1+ 33. Kxf1 Bxa2) 28... Bxb1 29. Bxc6 Bd6 {[%emt 0:00:14] [#]} (29... Rac8 {might work better.}) 30. Bb2 $1 {[%emt 0:00:22] White is clearly winning.} Rg8 {[%emt 0:01:18] [#]} (30... Bxf4 $2 {is a self mate.} 31. Bxg7+ Kg8 32. Bd5+) (30... Bg6 31. Rxg6) 31. Rxg7 $1 Rxg7+ 32. Bxg7+ Kxg7 33. Rg4+ Kf6 {[%emt 0:00:05][%cal Oh7h5] Strongly threatening ...h5!} 34. Bxa8 Bxa2 {[%emt 0:00:04][%mdl 4096] Endgame KRB-KB} 35. Bd5 a5 36. Bc4 Kf5 37. h3 h5 38. Bd3+ Kf6 39. Rg6+ Ke7 40. Bc2 a4 41. bxa4 b3 42. Bd3 b2 43. Rg7+ Bf7 44. Bg6 Ke6 45. Rxf7 {[%emt 0:00:21] And now Rb7 would win.} ({Less strong is} 45. Bxf7+ Kf6 46. Ba2 (46. Rg6+ $2 Kxf7 47. Rxd6 b1=Q+ 48. Kg2 Qe4+ 49. Kg1 Qxe2 $19) 46... Kxg7 $18) 45... b1=Q+ 46. Bxb1 Kxf7 47. Kg2 {[%emt 0:00:04] Weighted Error Value: White=0.13 (very precise) /Black=0.44} 1-0

[Event "Silver Lake Festival 2022"]
[Site "Veliko Gradiste"]
[Date "2022.06.22"]
[Round "5.3"]
[White "Radovanovic, Nikola"]
[Black "Song, Raymond"]
[Result "0-1"]
[ECO "E00"]
[WhiteElo "2423"]
[BlackElo "2485"]
[Annotator "TA"]
[PlyCount "116"]
[EventDate "2022.06.16"]
[EventType "swiss"]
[EventCountry "SRB"]
[SourceTitle "playchess.com"]
[Source "ChessBase"]
[SourceQuality "1"]
[TimeControl "5400+30"]

1. d4 Nf6 2. c4 e6 3. Bg5 Bb4+ 4. Nd2 h6 5. Bh4 d5 {[%emt 0:00:32] [#]} (5... g5 $5 6. Bg3 Ne4 $11) 6. Rc1 $146 {[%emt 0:00:46] E00: Catalan Bogo-Indian (3 g3 Bb4+).} ({Predecessor:} 6. e3 O-O 7. Ngf3 b6 8. Bd3 Bb7 9. O-O Be7 10. Rc1 Nbd7 11. Qe2 c5 12. Rfd1 cxd4 13. Nxd4 {1-0 (52) Bernasek,J (2498)-Berend,E (2326) Chess.com INT 2021}) 6... O-O 7. Ngf3 Nbd7 8. e3 {[%emt 0:04:16] White has an edge.} Be7 9. cxd5 exd5 10. Bd3 c6 11. Bb1 Ne4 12. Bxe7 Qxe7 13. Nxe4 dxe4 14. Nd2 Nf6 15. Rc5 Bg4 ({Better is} 15... Nd7 $11 16. Rc1 Nf6) 16. Qb3 (16. Qc2 $14) 16... Be6 $11 17. Re5 ({White should try} 17. Qa3 $11) 17... Ng4 $1 $15 ({Don't play} 17... Bxb3 18. Rxe7 Be6 19. Rxb7 $16 (19. Nxe4 Nxe4 20. Bxe4 Rab8 $11) (19. Bxe4 Rfb8 $11)) 18. Rxe6 Qxe6 19. Qxe6 fxe6 20. Nxe4 Rae8 21. h3 Nf6 22. Nd6 Rd8 (22... Re7 $17) 23. Nc4 (23. Nxb7 $11 {should be considered.} Rb8 24. Na5) 23... Nd7 24. b4 e5 (24... b6 $15) 25. Nxe5 (25. dxe5 $5 b5 26. e6 $11) 25... Nxe5 26. dxe5 $11 {[%emt 0:00:05][%mdl 4096] Endgame KRR-KRB} Rd5 27. f4 Rfd8 {[%emt 0:00:09][%mdl 1024] Threatens to win with ...Rd1+. Black has compensation.} 28. Bc2 {[%emt 0:00:38] Prevents Rd1+. Now White is beyond hope.} (28. Ke2 $1 $15) 28... Rd2 $19 29. Bb3+ Kf8 30. O-O (30. Rf1 {is the only way for White.}) 30... Re2 31. Rf3 {[%emt 0:01:37] [#]} Rdd2 $1 32. Rg3 Rd3 33. Rg6 Rexe3 34. Kh2 $2 (34. Kf2 {was called for.}) 34... Rd4 35. f5 Rxe5 36. f6 Rd7 37. Be6 Rc7 ({Not} 37... Rxe6 38. fxg7+ Kg8 39. Rxe6 $11) 38. fxg7+ Rxg7 39. Rxh6 Re2 40. Bg4 Rxa2 41. Rd6 Ra4 42. Rd4 a5 43. Rd8+ Ke7 44. Ra8 Rxb4 {[%emt 0:00:06] ...a4 is the strong threat.} 45. Rxa5 Kd6 46. Bf3 Rf4 47. Rh5 Rgf7 48. Kg3 b5 49. h4 b4 50. Ra5 b3 {[%emt 0:00:49] ( -> ...b2)} 51. Ra6 {[%emt 0:00:31] [#]} Rxf3+ $1 {[%emt 0:02:05][%mdl 512] Black mates.} 52. gxf3 {[%emt 0:00:06] KR-KR} Rb7 53. Ra1 c5 54. Kf4 c4 55. Ke3 Kc5 56. Kd2 Kb4 57. Ra8 Rd7+ 58. Kc1 Kc3 {[%emt 0:30:52] Weighted Error Value: White=0.45/Black=0.08 (flawless)} 0-1

[Event "Silver Lake Festival 2022"]
[Site "Veliko Gradiste"]
[Date "2022.06.22"]
[Round "5.4"]
[White "Ramoutar, Alan-Safar"]
[Black "Anuj Shrivatri"]
[Result "0-1"]
[ECO "B31"]
[WhiteElo "2477"]
[BlackElo "2356"]
[Annotator "TA"]
[PlyCount "72"]
[EventDate "2022.06.16"]
[EventType "swiss"]
[EventCountry "SRB"]
[SourceTitle "playchess.com"]
[Source "ChessBase"]
[SourceQuality "1"]
[TimeControl "5400+30"]

1. e4 c5 2. Nc3 Nc6 3. Nf3 g6 4. Bb5 Bg7 5. O-O e5 6. d3 {[%emt 0:03:37] B31: Sicilian: 2...Nc6 3 Bb5 g6.} d6 7. a3 Nge7 8. Bc4 {[%emt 0:04:35] The position is equal.} h6 {[%emt 0:04:21] Prevents Ng5.} 9. b4 O-O 10. bxc5 dxc5 11. Nd5 Be6 12. Ne3 Qd7 13. a4 b6 14. Bb2 {[%emt 0:01:46] [#]} Nd4 $146 ({Predecessor:} 14... f5 15. Re1 f4 16. Bxe6+ Qxe6 17. Nc4 g5 18. h3 Rf7 19. Bc3 Nc8 20. Qb1 Nd6 21. Nxd6 Qxd6 {1-0 (37) Kovacevic,A (2515)-Djukic,N (2536) Portoroz 2016}) 15. Nd2 Kh7 16. Bxe6 Nxe6 17. Ndc4 Nd4 18. Kh1 f5 19. exf5 gxf5 20. f4 $2 {[%emt 0:00:37] This move loses the game for White.} (20. Rg1 $15) 20... exf4 $19 21. Rxf4 Ng6 $1 22. Rf2 f4 23. Nf1 f3 $1 {[%emt 0:01:51] Hoping for ...fxg2+.} 24. g3 {[%emt 0:05:09] [#]} (24. Nfd2 $142) 24... Rae8 $1 {[%emt 0:01:30][%cal Ba8e8,Be8e2,Be2f2][%mdl 32] And now ...Re2 would win.} 25. Nce3 $2 (25. Nfe3 {might work better.}) 25... Nf5 26. Bxg7 (26. Nxf5 $142 Bxb2 27. Ra2) 26... Nxe3 {[%emt 0:00:20] Black is clearly winning.} ({And not} 26... Nxg7 27. c3 $17 (27. Rxf3 $2 Qb7 $19)) ({Not} 26... Qxg7 27. Nxf5 Rxf5 28. d4 $17) 27. Nxe3 Qxg7 28. Nc4 {[%emt 0:08:58] [#]} Re2 $1 29. Rf1 Ne5 {[%emt 0:03:09][%cal Bg6e5,Be5g4,Bg4f2][%mdl 32] ( -> ...Ng4)} 30. Nd2 Ng4 31. Nxf3 Nf2+ 32. Rxf2 Rxf2 33. Nh4 {[%emt 0:01:11] [#]} Qxa1 $3 34. Qxa1 Rf1+ 35. Qxf1 Rxf1+ 36. Kg2 Ra1 {[%emt 0:00:30] Weighted Error Value: White=0.44/Black=0.06 (flawless)} 0-1

[Event "Silver Lake Festival 2022"]
[Site "Veliko Gradiste"]
[Date "2022.06.22"]
[Round "5.5"]
[White "Mohammad Nubairshah Shaikh"]
[Black "Tyurin, Artem"]
[Result "1-0"]
[ECO "D02"]
[WhiteElo "2443"]
[BlackElo "2174"]
[Annotator "TA"]
[PlyCount "48"]
[EventDate "2022.06.16"]
[EventType "swiss"]
[EventCountry "SRB"]
[SourceTitle "playchess.com"]
[Source "ChessBase"]
[SourceQuality "1"]
[TimeControl "5400+30"]

1. Nf3 d5 2. g3 Nc6 3. d4 Bf5 4. Bg2 Nb4 5. Na3 e6 6. Nh4 {[%emt 0:00:01] D02: 1 d4 d5 2 Nf3 sidelines, including 2...Nf6 3 g3 and 2...Nf6 3 Bf4.} Bg4 7. c3 Nc6 8. Qb3 {[%emt 0:00:05] The position is equal.} Rb8 9. e4 dxe4 10. Bxe4 Be7 11. h3 Bh5 12. Qb5 {[%emt 0:00:26][%csl LRc6,LRh5] [#]} Bxh4 $146 ({Predecessor:} 12... Nf6 13. Bxc6+ bxc6 14. Qxc6+ Nd7 15. Nc4 Bxh4 16. gxh4 O-O 17. Rg1 Qxh4 18. Qxd7 Qxh3 {½-½ (47) Kunin,V (2551)-Stevic,H (2615) Schwarzach 2017}) 13. gxh4 Nf6 14. Bg5 {[%emt 0:00:37] Black must now prevent Bxf6.} Bg6 15. Bf3 {[%emt 0:16:20] Hoping for h5.} Qd7 16. Bxf6 gxf6 {[%emt 0:01:06] [#]} 17. O-O-O (17. h5 $1 $16 ) 17... Qd6 (17... h5 $11) 18. Qe2 {[%emt 0:08:52] White is more active.} (18. Rd2 $14) 18... Qf4+ $11 19. Qe3 Qxh4 20. Rhg1 h5 $2 {[%emt 0:03:26] [#]} (20... Ne7 $11 {and Black is okay.}) 21. Nb5 (21. d5 $1 $18 Ne5 22. dxe6) 21... O-O $2 {[%emt 0:02:49][%mdl 8192] A mistake that costs the game.} (21... Kf8 $16) 22. Qh6 $18 {[%emt 0:07:13] White is clearly winning.} Ne7 23. Nxc7 Qxf2 24. Be4 {[%emt 0:12:52][%cal Oc7e6] Against Qc2+. Nxe6! would kill now.} Nf5 {[%emt 0:08:23] Weighted Error Value: White=0.20 (precise) /Black=0.60} 1-0

[Event "Silver Lake Festival 2022"]
[Site "Veliko Gradiste"]
[Date "2022.06.22"]
[Round "5.6"]
[White "Djokic, Mihailo"]
[Black "Damljanovic, Branko"]
[Result "0-1"]
[ECO "B92"]
[WhiteElo "2194"]
[BlackElo "2469"]
[Annotator "TA"]
[PlyCount "68"]
[EventDate "2022.06.16"]
[EventType "swiss"]
[EventCountry "SRB"]
[SourceTitle "playchess.com"]
[Source "ChessBase"]
[SourceQuality "1"]
[TimeControl "5400+30"]

1. e4 c5 2. Nf3 d6 3. d4 cxd4 4. Nxd4 Nf6 5. Nc3 a6 6. Be2 e5 7. Nf3 h6 8. Nd2 {[%emt 0:00:04] B92: Sicilian Najdorf: 6 Be2.} b5 9. a4 b4 10. Nd5 {[%emt 0:00:02] White is slightly better.} Nxd5 11. exd5 a5 12. Nc4 {[%emt 0:04:05] [#]} (12. Bb5+ $14 Nd7 13. Nc4) 12... Be7 $146 ({Predecessor:} 12... Nd7 13. O-O Be7 14. f4 O-O 15. fxe5 Nxe5 16. Be3 Nxc4 17. Bxc4 {0-1 (49) Carmaciu,L (1765)-Voinea,I Sovata 1997}) 13. O-O O-O 14. c3 bxc3 15. bxc3 Ba6 16. Na3 Bg5 17. Bb2 $1 e4 18. Bxa6 Nxa6 19. Nb5 Qd7 20. Ba3 Bf4 21. Re1 f5 22. f3 Nc7 23. Nd4 (23. c4 $11) 23... Nxd5 $17 24. fxe4 (24. Nb5 $142 Qc6 25. Qb3) 24... fxe4 (24... Be3+ $6 25. Kh1 fxe4 26. Qb3 $11) 25. Rxe4 (25. Qb3 $2 Qf7 26. Ne2 Rab8 $19) 25... Qf7 {[%emt 0:07:12] Black is more active.} ({Don't play} 25... Nxc3 $6 26. Qb3+ d5 27. Rxf4 Rxf4 28. Qxc3 $11) ({But not} 25... Be3+ $6 26. Kh1 $15) 26. Nb5 Rad8 27. Kh1 Be5 {[%emt 0:02:36] Inhibits Rd4.} 28. Bb2 $2 {[%emt 0:02:35][%mdl 8192] [#] Now White is beyond hope.} ({White should try} 28. Rxe5 $15 dxe5 29. Bxf8 Rxf8 30. Qe2) 28... Nf6 $19 29. Re1 Qg6 30. Re2 (30. h3 {might work better.} Qg3 31. Rxe5 dxe5 32. Qe1) 30... Ng4 {[%emt 0:01:00] aiming for ...Nf2+.} ({Don't go for} 30... Qh5 $2 31. h3 $19) 31. Qd5+ Kh8 32. g3 {[%emt 0:00:11] [#]} Nxh2 $1 33. Rxh2 Qxg3 34. Rh5 Rf2 {[%emt 0:01:56] Prevents Qg2.  Weighted Error Value: White=0.74/Black=0.07 (flawless)} 0-1